Map: Ulrena

Players

prabuty

  • Race: Protoss Protoss
  • League: Master

Miszu - Winner!

  • Race: Terran Terran
  • League: Master

VOD

Have the link to the VOD?

Description

Time

  • Played on: May 2, 2016, 2:35 p.m.
  • Length: 10:27
Show
View Real Time Build Order
Export as new Build Order

prabuty Protoss 

Build Orders:  

Get SALT Encoding   

  12  0:02  Probe (Chrono Boost)  
  13  0:13  Probe (Chrono Boost)  
  14  0:21  Pylon  
  14  0:23  Probe (Chrono Boost)  
  15  0:39  Probe (Chrono Boost)  
  15  0:40  Gateway  
  16  0:43  Assimilator  
  17  0:50  Probe (Chrono Boost)  
  17  0:53  Assimilator  
  17  1:00  Probe (Chrono Boost)  
  18  1:07  Pylon  
  18  1:11  Probe (Chrono Boost)  
  19  1:21  Probe (Chrono Boost)  
  20  1:27  Cybernetics Core  
  20  1:30  Zealot (Chrono Boost)  
  20  1:32  Probe  
  23  1:44  Probe (Chrono Boost)  
  24  1:56  Probe (Chrono Boost)  
  25  2:06  Mothership Core (Chrono Boost)  
  25  2:08  Stalker (Chrono Boost)  
  29  2:17  Pylon  
  28  2:23  Warp Gate  
  28  2:27  Probe  
  27  2:39  Probe  
  28  2:48  Stargate  
  28  2:55  Nexus  
  28  3:01  Probe (Chrono Boost)  
  28  3:05  Pylon  
  31  3:16  Probe (Chrono Boost)  
  30  3:26  Probe (Chrono Boost)  
  31  3:37  Probe (Chrono Boost)  
  31  3:40  Fleet Beacon  
  32  3:47  Probe (Chrono Boost)  
  33  3:53  Stalker  
  35  3:58  Probe (Chrono Boost)  
  36  4:04  Gateway  
  36  4:08  Probe (Chrono Boost)  
  36  4:09  Probe (Chrono Boost)  
  38  4:12  Gateway  
  38  4:18  Pylon  
  38  4:19  Probe x2 (Chrono Boost)  
  40  4:34  Probe (Chrono Boost)  
  40  4:37  Stalker  
  44  4:41  Gateway  
  44  4:43  Tempest (Chrono Boost)  
  47  4:49  Probe  
  47  4:50  Probe  
  49  5:02  Probe x2  
  49  5:04  Twilight Council  
  49  5:05  Assimilator  
  51  5:07  Assimilator  
  51  5:14  Probe  
  51  5:15  Probe  
  51  5:19  Pylon, Stalker  
  51  5:20  Stalker  
  57  5:25  Pylon  
  57  5:26  Probe  
  57  5:27  Probe  
  59  5:50  Probe  
  59  5:51  Probe  
  61  5:58  Stalker  
  61  5:59  Stalker x3  
  67  6:08  Tempest (Chrono Boost)  
  67  6:10  Probe  
  72  6:31  Blink (Chrono Boost)  
  72  6:32  Probe x2  
  74  6:44  Forge  
  74  6:45  Tempest (Chrono Boost)  
  74  6:46  Gateway x2  
  78  7:11  Pylon  
  78  7:13  Pylon  
  78  7:15  Pylon  
  78  7:17  Pylon  
  78  7:20  Nexus  
  78  7:21  Protoss Ground Weapons Level 1 (Chrono Boost)  
  78  7:22  Pylon  
  78  7:29  Probe x2  
  76  7:37  Stalker  
  76  7:38  Stalker x3  
  76  7:43  Probe  
  81  7:45  Pylon  
  81  7:53  Probe  
  81  7:55  Probe  
  81  7:57  Stalker x2  
  87  8:02  Stalker  
  87  8:03  Stalker x3  
  95  8:06  Probe  
  96  8:16  Templar Archives  
  96  8:17  Probe  
  96  8:19  Pylon  
  97  8:20  Pylon  
  97  8:23  Probe  
  98  8:34  Stalker x2  
  98  8:37  Assimilator  
  98  8:39  Assimilator  
  88  8:49  Stalker  
  88  8:50  Stalker x3  
  96  8:59  Stalker x2  
  96  9:02  Psionic Storm  
  100  9:17  High Templar  
  100  9:18  High Templar  
  100  9:19  Probe  
  100  9:21  Probe  
  100  9:22  Probe  
  107  9:26  Zealot x2  
  111  9:32  Zealot x2  
  113  9:50  Stalker x2  
  113  9:51  Stalker  
  113  9:55  Stalker x3  
  83  10:16  Zealot x3  
Show
View Real Time Build Order
Export as new Build Order

Miszu Terran - Winner!

Build Orders: MMM Bio 

Get SALT Encoding   

  12  0:01  SCV  
  13  0:13  SCV  
  14  0:17  Supply Depot  
  14  0:29  SCV  
  15  0:41  Barracks, SCV  
  16  0:53  SCV  
  17  1:05  SCV  
  18  1:15  Command Center  
  18  1:18  SCV  
  19  1:28  Marine  
  19  1:31  Orbital Command  
  20  1:45  Supply Depot  
  20  1:46  Marine  
  21  1:57  SCV  
  22  2:03  Bunker  
  22  2:04  Marine  
  22  2:08  Barracks  
  23  2:11  SCV  
  24  2:21  Barracks  
  24  2:22  Marine  
  25  2:35  SCV  
  27  2:39  Refinery  
  27  2:40  Refinery  
  27  2:42  Orbital Command  
  26  2:47  SCV  
  26  2:49  Marine  
  28  2:58  Marine  
  28  3:03  SCV  
  30  3:08  SCV  
  30  3:11  Marine, Barracks Tech Lab  
  32  3:15  SCV  
  32  3:16  Engineering Bay, Marine  
  34  3:20  SCV  
  35  3:28  SCV  
  35  3:29  Marine  
  35  3:31  Marauder  
  39  3:36  SCV  
  39  3:40  SCV  
  41  3:44  Marine  
  41  3:48  SCV  
  42  3:50  Missile Turret  
  42  3:52  SCV, Missile Turret  
  43  3:56  Stimpack  
  43  4:04  SCV  
  43  4:05  SCV  
  45  4:15  Marine  
  46  4:26  Marine  
  46  4:29  SCV  
  46  4:30  SCV  
  46  4:38  Factory  
  46  4:39  Terran Infantry Weapons Level 1  
  46  4:42  Marine  
  46  4:43  Supply Depot, Marauder, SCV x2  
  46  4:44  Marine  
  52  4:45  Supply Depot  
  52  4:54  Refinery  
  52  4:55  SCV x2  
  54  5:02  Barracks  
  54  5:03  Barracks Reactor, Barracks Tech Lab  
  54  5:04  Barracks  
  54  5:05  Marauder  
  56  5:07  SCV x2  
  56  5:08  Supply Depot  
  58  5:19  SCV x2  
  60  5:24  Refinery  
  60  5:25  Starport, Factory Reactor  
  60  5:28  Starport, Marine  
  60  5:31  Marine, SCV x2  
  64  5:36  Combat Shields  
  64  5:40  Marine  
  65  5:45  Supply Depot  
  65  5:46  Marine  
  65  5:47  Marine  
  65  5:48  Marine  
  68  5:50  Marine  
  68  5:52  Marine  
  70  6:00  Marine  
  66  6:04  Marine  
  66  6:05  Marine  
  66  6:06  Marine  
  66  6:09  Viking  
  66  6:10  Marine  
  70  6:23  Viking x2  
  73  6:29  Marine x3  
  73  6:30  Marine  
  76  6:41  Supply Depot  
  76  6:44  Viking  
  78  6:53  Viking x2  
  82  7:07  SCV x2  
  83  7:09  Supply Depot  
  83  7:11  Marine x2  
  83  7:12  Marine  
  83  7:14  Viking, Concussive Shells  
  88  7:19  SCV x2  
  90  7:35  Medivac x2  
  90  7:44  Medivac, SCV x2  
  94  7:53  Supply Depot  
  94  7:55  Marine x2, Marauder x2  
  94  7:56  Marine, SCV  
  102  8:00  Supply Depot  
  102  8:08  Factory Reactor  
  102  8:14  Marine x4, Medivac x2  
  110  8:21  Marine, Medivac  
  110  8:22  Marauder  
  115  8:27  Terran Infantry Armor Level 1  
  115  8:32  Marine x2  
  117  8:39  Marauder  
  116  8:43  Marauder  
  111  8:51  Marine x4  
  111  8:54  Medivac  
  117  9:00  Supply Depot x2, Medivac, Command Center  
  117  9:01  Marauder  
  121  9:04  Marauder  
  121  9:08  Marine  
  121  9:09  Marine x3  
  126  9:21  Viking  
  126  9:22  Marauder  
  126  9:23  Supply Depot x2  
  130  9:25  Marine  
  130  9:26  Marine x2  
  130  9:27  Marine  
  134  9:36  Marine  
  139  9:44  Marine x2, Marauder  
  139  9:45  Marauder  
  145  9:50  Widow Mine x2  
  150  10:06  Marauder  
Tags
 
Composition
MMM Bio
Matchup
PvT
Add a new tag
Caveats
  • Supply blocks, unpowered buildings, or Contaminate may cause inaccurate times.
  • Supply counts are checked every 10 seconds.